General information
- name: BNet
- type: Ladder team game (AT/RT)
- host: Battle.net
- saver: BEAR_AND
map: Highperch
- players: 6
- length: 100:05
- speed: Fast
- version: 1.21 W3XP
- replay type:

» download(441 KB)
Players
team 1 (winner)
BEAR_AND (
red | 36 APM | 3639 actions | 100:05)
3 Archmage
2 Blizzard
1 Brilliance Aura
» actions
| Assign group hotkey | 13 | |
| Basic commands | 25 | |
| Build / train | 140 | |
| Enter build submenu | 160 | |
| Enter hero's abilities submenu | 3 | |
| Remove unit from queue | 4 | |
| Right click | 1602 | |
| Select / deselect | 1040 | |
| Select group hotkey | 315 | |
| Use ability | 337 | |
3639 total
» units
| Peasant | 12 | |
| Dragonhawk Rider | 18 | |
30 total
» upgrades
| Masonry | 3 | |
| Magic Sentry | 1 | |
| Swords | 3 | |
| Armor | 2 | |
| Animal War Training | 1 | |
| Cloud | 1 | |
11 total
» buildings
| Altar of Kings | 1 | |
| Farm | 17 | |
| Lumber Mill | 3 | |
| Scout Tower | 176 | |
| Guard Tower | 79 | |
| Keep | 2 | |
| Arcane Vault | 3 | |
| Town Hall | 3 | |
| Arcane Sanctum | 1 | |
| Gryphon Aviary | 4 | |
| Blacksmith | 1 | |
| Castle | 1 | |
| Barracks | 1 | |
| Arcane Tower | 5 | |
297 total
» build order
00:05 Altar of Kings
00:08 Farm
00:12 Lumber Mill
00:36 Farm
01:12 Scout Tower
01:39 Guard Tower
01:40 Scout Tower
01:47 Scout Tower
02:02 Scout Tower
02:06 Guard Tower
02:06 Guard Tower
02:08 Scout Tower
02:22 Scout Tower
02:31 Scout Tower
02:32 Scout Tower
02:34 Guard Tower
02:42 Scout Tower
02:45 Scout Tower
02:59 Guard Tower
03:01 Scout Tower
04:05 Guard Tower
04:06 Scout Tower
04:07 Scout Tower
04:08 Scout Tower
04:09 Guard Tower
04:19 Scout Tower
04:20 Scout Tower
04:21 Scout Tower
04:22 Scout Tower
04:26 Keep
04:47 Scout Tower
04:48 Scout Tower
04:49 Scout Tower
04:55 Guard Tower
04:55 Guard Tower
05:08 Guard Tower
05:28 Guard Tower
05:34 Scout Tower
05:37 Guard Tower
05:46 Scout Tower
05:54 Scout Tower
05:54 Scout Tower
05:55 Scout Tower
06:22 Guard Tower
06:24 Scout Tower
06:25 Scout Tower
06:25 Scout Tower
06:26 Scout Tower
06:39 Guard Tower
06:56 Arcane Vault
07:11 Town Hall
07:18 Arcane Sanctum
07:40 Scout Tower
07:40 Scout Tower
07:41 Scout Tower
07:48 Guard Tower
08:02 Guard Tower
08:09 Gryphon Aviary
08:29 Arcane Vault
08:34 Scout Tower
08:35 Scout Tower
08:36 Scout Tower
08:43 Farm
08:43 Farm
08:44 Farm
09:02 Guard Tower
09:33 Gryphon Aviary
09:40 Guard Tower
09:54 Guard Tower
10:04 Farm
10:40 Scout Tower
10:40 Scout Tower
10:41 Scout Tower
11:07 Blacksmith
11:10 Castle
11:39 Guard Tower
11:59 Guard Tower
12:31 Barracks
13:01 Farm
13:02 Farm
13:03 Farm
13:58 Farm
13:59 Farm
14:14 Guard Tower
14:32 Guard Tower
17:24 Scout Tower
17:25 Scout Tower
17:25 Scout Tower
17:47 Scout Tower
17:47 Scout Tower
17:48 Scout Tower
17:49 Scout Tower
18:04 Scout Tower
18:05 Scout Tower
18:51 Guard Tower
19:00 Scout Tower
19:01 Scout Tower
19:02 Scout Tower
19:15 Scout Tower
19:38 Guard Tower
20:07 Scout Tower
20:08 Scout Tower
20:11 Scout Tower
20:14 Guard Tower
20:34 Guard Tower
20:37 Scout Tower
21:06 Guard Tower
21:09 Scout Tower
21:11 Scout Tower
21:17 Scout Tower
21:19 Scout Tower
21:43 Scout Tower
21:44 Scout Tower
21:57 Scout Tower
21:58 Scout Tower
22:00 Scout Tower
22:04 Guard Tower
22:18 Scout Tower
22:18 Scout Tower
22:18 Scout Tower
22:20 Scout Tower
22:26 Guard Tower
22:40 Scout Tower
22:42 Scout Tower
22:46 Guard Tower
23:12 Guard Tower
23:21 Guard Tower
23:24 Scout Tower
23:36 Guard Tower
23:38 Scout Tower
23:39 Scout Tower
23:41 Scout Tower
23:47 Scout Tower
23:52 Guard Tower
23:55 Scout Tower
23:56 Scout Tower
24:18 Lumber Mill
25:04 Scout Tower
25:05 Scout Tower
25:08 Scout Tower
25:09 Scout Tower
25:34 Guard Tower
25:40 Scout Tower
25:41 Scout Tower
25:44 Scout Tower
25:46 Scout Tower
25:49 Guard Tower
26:08 Scout Tower
26:09 Scout Tower
26:21 Scout Tower
26:40 Guard Tower
26:45 Scout Tower
26:47 Scout Tower
26:51 Scout Tower
26:53 Scout Tower
26:54 Scout Tower
26:55 Scout Tower
26:55 Scout Tower
26:56 Scout Tower
26:57 Scout Tower
26:57 Scout Tower
27:02 Guard Tower
27:32 Guard Tower
27:35 Scout Tower
27:35 Scout Tower
27:36 Scout Tower
27:49 Scout Tower
27:50 Scout Tower
27:50 Guard Tower
27:57 Scout Tower
27:58 Scout Tower
28:08 Guard Tower
28:43 Guard Tower
28:54 Guard Tower
28:57 Scout Tower
28:58 Scout Tower
29:04 Scout Tower
29:05 Guard Tower
29:14 Scout Tower
29:32 Guard Tower
29:37 Scout Tower
29:38 Scout Tower
29:40 Scout Tower
29:41 Guard Tower
29:51 Lumber Mill
29:56 Guard Tower
30:06 Guard Tower
30:18 Scout Tower
30:19 Scout Tower
30:39 Scout Tower
30:40 Scout Tower
30:41 Scout Tower
31:04 Guard Tower
31:07 Guard Tower
31:15 Guard Tower
31:18 Scout Tower
31:19 Scout Tower
31:25 Scout Tower
31:26 Scout Tower
31:28 Scout Tower
31:37 Scout Tower
31:39 Scout Tower
32:00 Guard Tower
32:09 Scout Tower
32:10 Scout Tower
32:19 Guard Tower
32:22 Scout Tower
32:23 Scout Tower
32:25 Scout Tower
32:34 Guard Tower
32:37 Scout Tower
33:05 Guard Tower
33:12 Scout Tower
33:15 Scout Tower
33:16 Scout Tower
33:22 Scout Tower
33:25 Scout Tower
33:30 Scout Tower
33:39 Scout Tower
34:01 Guard Tower
34:09 Scout Tower
34:09 Scout Tower
34:10 Scout Tower
34:11 Scout Tower
34:19 Guard Tower
34:27 Scout Tower
34:28 Scout Tower
34:38 Scout Tower
34:38 Scout Tower
34:40 Scout Tower
34:41 Scout Tower
34:42 Scout Tower
34:44 Guard Tower
35:04 Scout Tower
35:05 Scout Tower
35:05 Scout Tower
35:07 Scout Tower
35:09 Scout Tower
35:12 Scout Tower
35:12 Scout Tower
35:13 Scout Tower
35:48 Arcane Tower
35:48 Guard Tower
35:50 Arcane Tower
35:57 Arcane Tower
35:59 Arcane Tower
36:05 Guard Tower
36:06 Guard Tower
36:07 Guard Tower
36:15 Arcane Tower
36:15 Guard Tower
36:34 Scout Tower
36:35 Scout Tower
36:42 Guard Tower
38:00 Guard Tower
38:04 Guard Tower
38:19 Scout Tower
38:21 Scout Tower
38:22 Scout Tower
38:24 Scout Tower
38:30 Guard Tower
38:46 Guard Tower
39:48 Guard Tower
40:10 Guard Tower
64:31 Scout Tower
64:35 Scout Tower
65:08 Guard Tower
65:12 Scout Tower
65:29 Scout Tower
65:41 Guard Tower
66:09 Guard Tower
66:12 Scout Tower
66:50 Guard Tower
73:53 Scout Tower
74:01 Scout Tower
74:03 Scout Tower
74:28 Scout Tower
74:31 Guard Tower
74:32 Scout Tower
75:14 Guard Tower
75:23 Scout Tower
75:25 Scout Tower
75:54 Guard Tower
75:56 Scout Tower
77:56 Guard Tower
86:53 Town Hall
87:02 Town Hall
87:07 Farm
87:52 Farm
88:24 Farm
89:12 Farm
90:13 Keep
91:00 Farm
91:08 Farm
92:35 Gryphon Aviary
92:40 Gryphon Aviary
93:55 Arcane Vault
» items
| Boots of Speed | 1 | |
| Staff of Teleportation | 1 | |
| Scroll of Town Portal | 1 | |
3 total
chickenTIMe (
purple | 14 APM | 1387 actions | 100:03)
4 Tauren Chieftain
2 Shockwave
2 Endurance Aura
» actions
| Assign group hotkey | 2 | |
| Basic commands | 2 | |
| Build / train | 38 | |
| Enter build submenu | 41 | |
| Enter hero's abilities submenu | 4 | |
| Give item / drop item | 2 | |
| Remove unit from queue | 1 | |
| Right click | 889 | |
| Select / deselect | 283 | |
| Select group hotkey | 55 | |
| Use ability | 70 | |
1387 total
» units
» upgrades
| Spiked Barricades | 1 | |
| Ranged Weapons | 1 | |
| Reinforced Defenses | 1 | |
| Liquid Fire | 1 | |
4 total
» buildings
| Altar of Storms | 3 | |
| Orc Burrow | 5 | |
| War Mill | 1 | |
| Watch Tower | 27 | |
| Stronghold | 1 | |
| Fortress | 1 | |
| Voodoo Lounge | 1 | |
| Beastiary | 2 | |
41 total
» build order
00:06 Altar of Storms
00:11 Orc Burrow
00:52 War Mill
02:15 Watch Tower
02:19 Watch Tower
02:22 Watch Tower
02:50 Watch Tower
02:55 Watch Tower
03:17 Watch Tower
03:33 Watch Tower
04:25 Watch Tower
04:30 Watch Tower
04:46 Stronghold
05:15 Watch Tower
05:22 Watch Tower
05:39 Watch Tower
05:49 Watch Tower
06:36 Watch Tower
07:01 Watch Tower
07:33 Watch Tower
07:46 Watch Tower
08:12 Watch Tower
08:21 Fortress
08:27 Orc Burrow
08:39 Voodoo Lounge
08:53 Watch Tower
08:59 Watch Tower
09:55 Watch Tower
10:01 Watch Tower
10:06 Beastiary
10:54 Orc Burrow
11:11 Watch Tower
11:15 Watch Tower
11:21 Beastiary
11:39 Orc Burrow
16:55 Watch Tower
16:56 Watch Tower
16:57 Watch Tower
23:39 Altar of Storms
24:43 Altar of Storms
26:10 Orc Burrow
» items
| Healing Salve | 1 | |
| Lesser Clarity Potion | 1 | |
| Boots of Speed | 1 | |
| Staff of Teleportation | 1 | |
| Scroll of Town Portal | 1 | |
5 total
UPINTHEAIR (
yellow | 43 APM | 4345 actions | 100:03)
8 Warden
3 Shadow Strike
3 Blink
1 Spirit of Vengeance
1 Fan of Knives
» actions
| Assign group hotkey | 2 | |
| Basic commands | 4 | |
| Build / train | 70 | |
| ESC pressed | 3 | |
| Enter build submenu | 15 | |
| Enter hero's abilities submenu | 11 | |
| Give item / drop item | 5 | |
| Right click | 2744 | |
| Select / deselect | 1068 | |
| Select group hotkey | 29 | |
| Use ability | 394 | |
4345 total
» units
| Wisp | 24 | |
| Druid of the Talon | 4 | |
| Hippogryph | 3 | |
31 total
» upgrades
| Druid of the Talon Training | 2 | |
| Mark of the Talon | 1 | |
3 total
» buildings
| Moon Well | 7 | |
| Altar of Elders | 1 | |
| Tree of Ages | 3 | |
| Ancient of Wind | 2 | |
| Ancient of Wonders | 1 | |
| Tree of Life | 2 | |
| Tree of Eternity | 2 | |
18 total
» build order
00:17 Moon Well
00:20 Altar of Elders
02:54 Moon Well
03:13 Tree of Ages
03:13 Tree of Ages
03:13 Tree of Ages
05:41 Ancient of Wind
06:26 Ancient of Wonders
06:57 Tree of Life
07:03 Ancient of Wind
07:18 Moon Well
07:19 Moon Well
08:46 Tree of Eternity
08:46 Tree of Eternity
69:56 Moon Well
70:05 Moon Well
70:14 Moon Well
84:32 Tree of Life
» items
| Lesser Clarity Potion | 2 | |
| Scroll of Town Portal | 3 | |
| Healing Salve | 1 | |
| Boots of Speed | 1 | |
| Staff of Teleportation | 1 | |
| Tiny Great Hall | 1 | |
| Potion of Healing | 2 | |
| Orb of Lightning | 1 | |
| Potion of Lesser Invulnerability | 3 | |
15 total
team 2 (loser)
DongYu (
blue | 62 APM | 6196 actions | 99:34)
5 Keeper of the Grove
3 Entangling Roots
2 Force of Nature
5 Priestess of the Moon
3 Trueshot Aura
2 Searing Arrows
1 Blood Mage
1 Flame Strike
» actions
| Assign group hotkey | 90 | |
| Basic commands | 460 | |
| Build / train | 103 | |
| ESC pressed | 1 | |
| Enter build submenu | 37 | |
| Enter hero's abilities submenu | 11 | |
| Give item / drop item | 4 | |
| Remove unit from queue | 15 | |
| Right click | 2294 | |
| Select / deselect | 990 | |
| Select group hotkey | 2001 | |
| Use ability | 190 | |
6196 total
» units
| Wisp | 34 | |
| Archer | 3 | |
| Dryad | 5 | |
| Mountain Giant | 9 | |
| Hippogryph | 3 | |
| Chimaera | 1 | |
55 total
» upgrades
| Abolish Magic | 1 | |
| Hardened Skin | 1 | |
| Resistant Skin | 1 | |
| Ultravision | 1 | |
| Reinforced Hides | 3 | |
| Improved Bows | 1 | |
| Nature's Blessing | 1 | |
| Strength of the Wild | 3 | |
| Well Spring | 1 | |
| Corrosive Breath | 1 | |
14 total
» buildings
| Altar of Elders | 1 | |
| Moon Well | 7 | |
| Ancient of War | 1 | |
| Tree of Ages | 2 | |
| Hunter's Hall | 1 | |
| Ancient of Lore | 2 | |
| Tree of Eternity | 1 | |
| Ancient of Wonders | 1 | |
| Tree of Life | 5 | |
| Ancient Protector | 10 | |
| Ancient of Wind | 4 | |
| Chimaera Roost | 3 | |
38 total
» build order
00:03 Altar of Elders
00:21 Moon Well
00:56 Ancient of War
01:35 Moon Well
01:56 Moon Well
02:59 Tree of Ages
02:59 Tree of Ages
04:22 Hunter's Hall
05:37 Ancient of Lore
05:39 Tree of Eternity
06:20 Ancient of Lore
06:22 Ancient of Wonders
07:13 Moon Well
10:09 Moon Well
10:41 Tree of Life
11:14 Moon Well
13:20 Tree of Life
13:38 Moon Well
19:23 Ancient Protector
19:25 Ancient Protector
21:59 Tree of Life
32:08 Ancient Protector
32:10 Ancient Protector
33:40 Ancient Protector
35:02 Tree of Life
35:04 Ancient Protector
36:09 Tree of Life
39:44 Ancient Protector
39:46 Ancient Protector
39:47 Ancient Protector
39:48 Ancient Protector
40:10 Ancient of Wind
41:09 Ancient of Wind
41:10 Ancient of Wind
42:25 Ancient of Wind
46:13 Chimaera Roost
46:14 Chimaera Roost
46:15 Chimaera Roost
» items
| Dust of Appearance | 1 | |
| Orb of Venom | 1 | |
2 total
MaxMarkMark (
green | 26 APM | 2597 actions | 99:37)
4 Blood Mage
2 Flame Strike
2 Banish
» actions
| Assign group hotkey | 45 | |
| Basic commands | 194 | |
| Build / train | 123 | |
| Enter build submenu | 36 | |
| Enter hero's abilities submenu | 4 | |
| Remove unit from queue | 5 | |
| Right click | 1054 | |
| Select / deselect | 827 | |
| Select group hotkey | 223 | |
| Use ability | 85 | |
2597 total
» units
| Peasant | 21 | |
| Rifleman | 7 | |
| Flying Machine | 8 | |
| Siege Engine | 18 | |
| Gryphon Rider | 4 | |
| Dragonhawk Rider | 31 | |
89 total
» upgrades
| Gunpowder | 3 | |
| Lumber Harvesting | 1 | |
| Barrage | 1 | |
| Armor | 2 | |
| Flak Cannons | 0 | |
| Flying Machine Bombs | 1 | |
| Storm Hammers | 1 | |
| Cloud | 1 | |
10 total
» buildings
| Altar of Kings | 1 | |
| Blacksmith | 1 | |
| Farm | 18 | |
| Lumber Mill | 1 | |
| Barracks | 1 | |
| Arcane Vault | 1 | |
| Scout Tower | 13 | |
| Guard Tower | 12 | |
| Keep | 1 | |
| Workshop | 3 | |
| Castle | 1 | |
| Town Hall | 2 | |
| Gryphon Aviary | 1 | |
56 total
» build order
00:09 Altar of Kings
00:14 Blacksmith
00:26 Farm
01:09 Farm
01:33 Lumber Mill
02:02 Barracks
02:26 Arcane Vault
02:51 Farm
02:58 Scout Tower
03:05 Scout Tower
03:44 Guard Tower
06:04 Farm
06:10 Farm
06:20 Keep
06:38 Farm
09:09 Farm
09:17 Farm
09:21 Farm
09:46 Workshop
09:52 Workshop
10:02 Scout Tower
10:36 Guard Tower
11:11 Castle
11:57 Farm
13:28 Farm
14:04 Workshop
14:09 Farm
15:15 Farm
15:23 Farm
16:10 Farm
22:02 Scout Tower
23:17 Guard Tower
34:41 Town Hall
34:55 Town Hall
35:12 Scout Tower
35:13 Scout Tower
35:16 Scout Tower
35:17 Scout Tower
35:22 Scout Tower
35:23 Scout Tower
35:48 Gryphon Aviary
37:47 Guard Tower
38:27 Guard Tower
38:28 Guard Tower
38:29 Guard Tower
38:31 Guard Tower
38:33 Guard Tower
38:38 Scout Tower
38:42 Scout Tower
38:45 Scout Tower
39:41 Guard Tower
39:46 Guard Tower
39:59 Farm
40:00 Farm
40:01 Farm
40:25 Guard Tower
TR_Zorg (
pink | 45 APM | 4489 actions | 100:03)
5 Death Knight
3 Death Coil
2 Unholy Aura
4 Lich
2 Frost Nova
2 Frost Armor
» actions
| Assign group hotkey | 64 | |
| Basic commands | 413 | |
| Build / train | 115 | |
| Enter build submenu | 18 | |
| Enter hero's abilities submenu | 9 | |
| Give item / drop item | 18 | |
| Remove unit from queue | 10 | |
| Right click | 1772 | |
| Select / deselect | 678 | |
| Select group hotkey | 1212 | |
| Use ability | 180 | |
4489 total
» units
| Acolyte | 11 | |
| Ghoul | 3 | |
| Crypt Fiend | 5 | |
| Meatwagon | 4 | |
| Necromancer | 8 | |
| Obsidian Statue | 4 | |
| Gargoyle | 26 | |
61 total
» upgrades
| Creature Attack | 2 | |
| Creature Carapace | 3 | |
| Burrow | 1 | |
| Web | 1 | |
| Exhume Corpses | 1 | |
| Skeletal Longevity | 1 | |
| Necromancer Training | 2 | |
| Skeletal Mastery | 1 | |
| Destroyer Form | 1 | |
13 total
» buildings
| Altar of Darkness | 1 | |
| Ziggurat | 10 | |
| Crypt | 1 | |
| Graveyard | 1 | |
| Tomb of Relics | 1 | |
| Nerubian Tower | 2 | |
| Halls of the Dead | 1 | |
| Slaughterhouse | 1 | |
| Sacrificial Pit | 1 | |
| Black Citadel | 1 | |
| Temple of the Damned | 1 | |
| Spirit Tower | 2 | |
23 total
» build order
00:07 Altar of Darkness
00:09 Ziggurat
00:39 Crypt
01:05 Graveyard
01:17 Tomb of Relics
01:42 Ziggurat
02:43 Nerubian Tower
03:33 Ziggurat
04:51 Halls of the Dead
06:42 Ziggurat
07:33 Slaughterhouse
07:39 Sacrificial Pit
09:58 Black Citadel
10:48 Temple of the Damned
12:14 Ziggurat
15:11 Ziggurat
15:20 Ziggurat
33:22 Ziggurat
33:25 Ziggurat
33:27 Ziggurat
36:06 Spirit Tower
37:42 Spirit Tower
55:10 Nerubian Tower
» items
| Rod of Necromancy | 1 | |
| Dust of Appearance | 1 | |
| Potion of Lesser Invulnerability | 2 | |
| Scroll of Town Portal | 5 | |
| Boots of Speed | 1 | |
| Orb of Corruption | 1 | |
| Scroll of Healing | 1 | |
| Potion of Mana | 1 | |
| Staff of Teleportation | 1 | |
14 total
Chat log
(00:13 / Allies) UPINTHEAIR: i didn't get vent info but oh well
(00:25 / Allies) BEAR_AND: vent.dota-allstars.com 3917
(00:27 / Allies) BEAR_AND: channel terror
(00:47 / Allies) BEAR_AND: just lumber
(00:49 / Allies) BEAR_AND: tons of lumber
(00:52 / Allies) BEAR_AND: like 26food wisp
(00:58 / Allies) UPINTHEAIR: i know how to mountaineer
(01:03 / Allies) UPINTHEAIR: i was a pioneer
(01:05 / Allies) BEAR_AND: oh
(01:06 / Allies) BEAR_AND: lmao sorry
(01:17 / Allies) UPINTHEAIR: np you didn't know!
(01:30 / Allies) chickenTIMe: how dare u disrespect da godfather
(03:04 / Allies) UPINTHEAIR: saving for tier 2 cant feed lumb for a bit
(03:12 / Allies) chickenTIMe: its cool
(03:14 / Allies) chickenTIMe: im good atm
(04:35 / Allies) BEAR_AND: beautiful
(04:43 / Allies) BEAR_AND: gold pls
(05:02 / Allies) BEAR_AND: ty
(05:18 / Allies) UPINTHEAIR: try to open up expos now
(05:24 / Allies) BEAR_AND: as soon as some towers are there
(05:32 / Allies) chickenTIMe: let me rse tc
(06:07 / Allies) chickenTIMe: you can have this expo
(06:13 / Allies) chickenTIMe: buy staff pls
(06:17 / Allies) chickenTIMe: so i can get one later
(07:05 / Allies) BEAR_AND: ok guess i'm taking left expo lmao
(07:11 / Allies) UPINTHEAIR: oh sorry
(07:15 / Allies) chickenTIMe: its cool
(07:53 / Allies) BEAR_AND: i could actually use a bit of gold firs
(08:11 / Allies) UPINTHEAIR: cj
(09:08 / Allies) BEAR_AND: lumber pls
(09:56 / Allies) chickenTIMe: ty
(10:50 / Allies) BEAR_AND: lumber pls
(10:54 / Allies) BEAR_AND: ty
(11:48 / Allies) UPINTHEAIR: okay, starting to horde gold like crazy now
(12:38 / Allies) BEAR_AND: can i get some wood (again)
(12:46 / Allies) BEAR_AND: ty
(13:15 / Allies) UPINTHEAIR: going to kill mountain creep
(13:17 / Allies) BEAR_AND: k
(13:19 / Allies) chickenTIMe: kk
(13:58 / Allies) UPINTHEAIR: am i going to tiny gh it?
(14:05 / Allies) BEAR_AND: yes and eat all the trees pls
(14:06 / Allies) chickenTIMe: yah
(14:41 / Allies) BEAR_AND: leave air up there
(14:45 / Allies) BEAR_AND: in case they find it by accident
(17:52 / Allies) BEAR_AND: keep eating
(22:20 / Allies) UPINTHEAIR: dirt, you have a hero?
(24:07 / All) BEAR_AND: fuck
(24:08 / All) BEAR_AND: gg
(25:04 / Allies) chickenTIMe: nml you left vent?
(25:11 / Allies) UPINTHEAIR: it's too laggy
(25:17 / Allies) BEAR_AND: can you take your tree
(25:17 / Allies) UPINTHEAIR: stupid university connection
(25:18 / Allies) BEAR_AND: to top left
(25:22 / Allies) BEAR_AND: and eat trtees?
(25:23 / Allies) chickenTIMe: o
(25:34 / Allies) chickenTIMe: i was talkin to you haha
(25:36 / Allies) chickenTIMe: oo
(25:40 / Allies) chickenTIMe: ps
(26:56 / Allies) chickenTIMe: o
(27:00 / Allies) chickenTIMe: thought you were runnning
(27:10 / Allies) UPINTHEAIR: no, just trying to get you to tank a bit
(27:16 / Allies) chickenTIMe: yah ima tank
(27:44 / Allies) chickenTIMe: phew
(27:54 / All) BEAR_AND: gg.....
(28:16 / Allies) BEAR_AND: why there so many wisps up here
(28:26 / Allies) BEAR_AND: lumber pls
(28:38 / Allies) BEAR_AND: also gold pls
(28:55 / Allies) BEAR_AND: ty
(29:27 / Allies) BEAR_AND: they're scouting with gyros
(30:57 / All) BEAR_AND: hey
(31:03 / All) chickenTIMe: hi
(31:34 / Allies) BEAR_AND: here we go
(31:47 / Allies) BEAR_AND: imo
(31:50 / Allies) BEAR_AND: leave one dott up here
(31:52 / Allies) BEAR_AND: grounded
(31:54 / Allies) BEAR_AND: in case
(32:01 / Allies) BEAR_AND: cool
(32:31 / Allies) BEAR_AND: hahaha they're trying it
(32:46 / Allies) UPINTHEAIR: would it be too risky for me to set up expo?
(32:53 / Allies) BEAR_AND: yeah prob
(32:53 / Allies) UPINTHEAIR: yes
(33:00 / All) BEAR_AND: you guys speak english?
(33:04 / Allies) UPINTHEAIR: laffo
(33:13 / Allies) UPINTHEAIR: he tried to banish flame strike my wisp
(33:17 / Allies) BEAR_AND: i saw
(33:37 / Allies) chickenTIMe: thank god for the flash card
(33:56 / Allies) BEAR_AND: i know we have infinite entertainment
(35:23 / Allies) BEAR_AND: gonna be needing more lumber than we have
(35:26 / Allies) BEAR_AND: oh well
(39:38 / Allies) BEAR_AND: fyi at level 6 get the next shadowstrike not ult
(39:41 / Allies) BEAR_AND: you may already know this
(39:44 / Allies) UPINTHEAIR: yeah
(39:58 / Allies) BEAR_AND: ok
(40:00 / Allies) BEAR_AND: i declare this perch
(40:01 / Allies) BEAR_AND: finished
(40:21 / All) MaxMarkMark: everyone air unit
(40:40 / Allies) UPINTHEAIR: brb
(40:43 / Allies) BEAR_AND: k
(41:41 / Allies) BEAR_AND: nml you should blink down and get dirt a TP
(42:19 / Allies) UPINTHEAIR: okay
(42:26 / All) BEAR_AND: what are you guys doing right now?
(42:42 / All) TR_Zorg: cursing u.
(42:47 / All) BEAR_AND: why???
(42:50 / All) chickenTIMe: i put a spell on u
(42:58 / All) DongYu: we are watching TV
(43:02 / All) TR_Zorg: thx, i appreciate that.
(43:03 / All) DongYu: and then go to sleep
(43:10 / All) DongYu: see u tommorrow
(43:12 / All) BEAR_AND: ok
(43:28 / Allies) BEAR_AND: wait
(43:32 / Allies) BEAR_AND: see what those aowinds are making
(43:33 / Allies) UPINTHEAIR: ?
(43:43 / Allies) BEAR_AND: scout all the bases pls
(43:48 / Allies) UPINTHEAIR: hipp
(43:50 / Allies) BEAR_AND: k
(44:49 / Allies) UPINTHEAIR: haha
(45:33 / All) TR_Zorg: i bet that she is the only hero left.
(45:56 / Allies) BEAR_AND: haha
(45:57 / Allies) BEAR_AND: get a tp btw
(46:01 / Allies) UPINTHEAIR: tried
(46:10 / Allies) UPINTHEAIR: but they were camping at the shop
(46:13 / Allies) BEAR_AND: you can now
(46:16 / Allies) BEAR_AND: when you're healed
(46:20 / Allies) BEAR_AND: get 2, one for you one for dirt
(46:49 / All) TR_Zorg: what is the level of their archmage?
(46:54 / All) BEAR_AND: 6
(46:59 / All) DongYu: low
(47:04 / All) TR_Zorg: hmm, that explain it.
(47:22 / All) BEAR_AND: 2 actually hahaha
(47:58 / Allies) UPINTHEAIR: so much gold they wasted on tower
(48:02 / Allies) BEAR_AND: and chims lol
(48:07 / Allies) BEAR_AND: i can't wait to shackle them
(49:30 / Allies) UPINTHEAIR: shackle
(50:35 / Allies) BEAR_AND: haha
(50:36 / Allies) BEAR_AND: gj
(51:02 / Allies) BEAR_AND: nice
(52:29 / Allies) UPINTHEAIR: come on lvl 6
(54:23 / All) BEAR_AND: what's the plan guys
(55:07 / Allies) UPINTHEAIR: dragonhawk
(56:01 / Allies) BEAR_AND: welp level 6 nice job
(57:42 / Allies) UPINTHEAIR: garg
(57:44 / Allies) BEAR_AND: i see
(58:06 / Allies) BEAR_AND: hm
(58:09 / Allies) BEAR_AND: those hawk could be bad news
(58:12 / Allies) BEAR_AND: if they use them well
(58:13 / Allies) BEAR_AND: they suck though
(58:24 / Allies) BEAR_AND: staff back imo
(58:26 / Allies) BEAR_AND: cool
(58:46 / Allies) UPINTHEAIR: hawks should be a problem because they noob
(58:51 / Allies) UPINTHEAIR: and have no frostie
(58:52 / Allies) BEAR_AND: yeah that's what i'm thinking
(59:33 / All) BEAR_AND: so
(59:36 / All) BEAR_AND: how much gold do you have?
(61:38 / Allies) BEAR_AND: ss that hawk pls
(63:20 / Allies) BEAR_AND: gold pls
(63:23 / Allies) BEAR_AND: rebuilding
(63:25 / Allies) BEAR_AND: ty
(63:48 / Allies) BEAR_AND: well green isn't rebuilding, and has two hawks
(64:11 / Allies) chickenTIMe: they mined in high upkeep
(64:14 / Allies) BEAR_AND: yep
(64:19 / Allies) BEAR_AND: pink is still making though
(64:54 / Allies) UPINTHEAIR: killed another dhawk
(64:57 / Allies) BEAR_AND: awesome
(65:33 / Allies) BEAR_AND: ty
(65:49 / Allies) BEAR_AND: lmao
(66:32 / Allies) BEAR_AND: maybe get another invuln
(69:36 / Allies) UPINTHEAIR: sit
(69:36 / Allies) BEAR_AND: haha
(69:37 / Allies) UPINTHEAIR: shit
(69:38 / Allies) BEAR_AND: oh shit
(69:51 / Allies) BEAR_AND: make a moon well up here
(72:42 / Allies) BEAR_AND: heal that dott
(74:14 / Allies) BEAR_AND: damn it he's buiding more hawks
(74:22 / Allies) BEAR_AND: can you go there and fuck him up
(75:00 / Allies) BEAR_AND: just land
(76:54 / Allies) BEAR_AND: o shit
(79:10 / Allies) BEAR_AND: shadowhide
(79:21 / Allies) UPINTHEAIR: bam
(79:26 / Allies) BEAR_AND: that's 2 hawks
(79:30 / Allies) BEAR_AND: hm i think they have 3 more
(82:46 / Allies) BEAR_AND: hmm
(82:51 / Allies) BEAR_AND: i think i'm going to go down and make a ton of hawks
(82:54 / Allies) BEAR_AND: what do you think
(83:12 / Allies) UPINTHEAIR: you can try
(83:12 / Allies) BEAR_AND: yeah i know
(83:57 / All) DongYu: THIS IS GONNA TAKE FOREVER
(84:06 / Allies) BEAR_AND: you're going to have to build a TOL with your bottom left wisp
(84:18 / Allies) UPINTHEAIR: why?
(84:22 / Allies) BEAR_AND: i don' thave level 6
(84:25 / Allies) UPINTHEAIR: oh right
(84:26 / Allies) BEAR_AND: i have to use plain old tp
(86:00 / Allies) BEAR_AND: when it's build please unroot and move far bottom left
(86:02 / Allies) BEAR_AND: to take up less room
(86:06 / Allies) BEAR_AND: since that's close to the base
(86:12 / Allies) UPINTHEAIR: i'm going into threes
(86:17 / Allies) BEAR_AND: no, air in their base will see it
(86:19 / Allies) UPINTHEAIR: trees
(88:14 / Allies) BEAR_AND: ss hawk next
(90:07 / Allies) BEAR_AND: nice
(90:41 / Allies) UPINTHEAIR: dirt hhere?
(90:57 / Allies) chickenTIMe: im here
(91:27 / Allies) UPINTHEAIR: no
(91:28 / Allies) UPINTHEAIR: no
(91:29 / Allies) UPINTHEAIR: fuck
(91:30 / Allies) BEAR_AND: dang
(91:32 / Allies) chickenTIMe: fuk
(91:34 / Allies) UPINTHEAIR: that was bs
(91:36 / Allies) chickenTIMe: no altar
(91:40 / Allies) chickenTIMe: up here?
(91:42 / Allies) BEAR_AND: tav
(91:54 / Allies) BEAR_AND: use tav????
(92:18 / Allies) BEAR_AND: haha careful with the very last dott
(95:13 / Allies) BEAR_AND: i count 5 hawks
(95:21 / Allies) BEAR_AND: yeah 5
(95:41 / Allies) BEAR_AND: i have 4 now lol
(95:43 / Allies) BEAR_AND: once i get 8
(95:44 / Allies) BEAR_AND: i'm comin
(96:03 / Allies) UPINTHEAIR: get 12
(96:08 / Allies) BEAR_AND: o yea gargs
(96:35 / Allies) BEAR_AND: this is good
(96:38 / Allies) BEAR_AND: pumpin em out
(96:44 / Allies) BEAR_AND: can you take a look in hu base
(96:49 / Allies) BEAR_AND: and also see if UD unsummoned
(97:02 / Allies) BEAR_AND: 10...
(97:22 / Allies) BEAR_AND: i am excited
(97:26 / Allies) BEAR_AND: to beat the shit out of them
(98:17 / All) BEAR_AND: well
(98:18 / All) BEAR_AND: gg
(99:09 / Allies) BEAR_AND: fuck
(99:10 / Allies) BEAR_AND: yeah
(99:17 / Allies) UPINTHEAIR: that couldn't have been any better
(99:20 / Allies) BEAR_AND: i agree
(99:22 / All) BEAR_AND: like i said
(99:23 / All) BEAR_AND: gg
(99:32 / All) BEAR_AND: :)
(99:34 / Allies) UPINTHEAIR: okay, i'm going to do some laungry be back in 10
(99:38 / Allies) UPINTHEAIR: ohhhhhh
(99:39 / Allies) UPINTHEAIR: hahaha
(99:41 / Allies) UPINTHEAIR: wauuuuuuu
(99:50 / All) TR_Zorg: 'what a waste of time, brat.
(99:57 / All) BEAR_AND: lmao
(100:00 / All) BEAR_AND: hahahaha